[Event "*** Titled Tuesday Blitz"]
[Site "Chess.com"]
[Date "2019.06.04"]
[Round "8"]
[White "Drags95"]
[Black "Ginger_GM"]
[Result "1-0"]
[WhiteElo "2779"]
[BlackElo "2549"]
[TimeControl "180+2"]
[EndTime "14:49:49 PDT"]
[Termination "Drags95 won by checkmate"]

1. e4 c5 2. Nf3 d6 3. d4 cxd4 4.
Nxd4 Nf6 5. Nc3 g6 6. g3 Nc6 7. Bg2 Bg4 8. Nde2 Qc8 9. h3 Bd7 10. g4 Bg7 11. Ng3 h5 12. g5 Nh7 13. f4 O-O 14. Nge2 f6 15. h4 Bg4 16. Be3 fxg5 17. hxg5 b5 18. Qd3 b4 19. Nd1 Nxg5 20. fxg5 Ne5 21.
Qb3+ Be6 22. Qa4 Nc4 23. Bd4 Bd7 24. Qxb4 Rb8 25. Qc3 e5 26. Bxa7 Rb7 27. Bf2 Be6 28. b3 Rc7 29. bxc4 Rxc4 30. Qd3 Rxc2 31. Ne3 Rb2 32.
O-O Qd8 33. Bh4 Rxf1+ 34. Rxf1 Rxa2 35. Nd5 Bg4 36. Nec3 Ra3 37. Nf6+ Kh8 38. Nxg4 hxg4 39. Qc4 Qb6+ 40. Bf2 Qa5 41. Nd5 g3 42. Bb6 Qd2 43. Qc8+ Kh7 44. Qh3+ Kg8 45. Ne7# 1-0

[Event "*** Titled Tuesday Blitz"]
[Site "Chess.com"]
[Date "2019.06.04"]
[Round "8"]
[White "Hikaru"]
[Black "severomorskij"]
[Result "1-0"]
[WhiteElo "3205"]
[BlackElo "2804"]
[TimeControl "180+2"]
[EndTime "14:49:52 PDT"]
[Termination "Hikaru won by resignation"]

1. Nf3 Nf6 2. b3 d5 3. Bb2 c5 4. e3 g6 5. c4 dxc4 6. Bxc4 Bg7 7. d4 cxd4 8. Nxd4 O-O 9. O-O Bd7 10. Nd2 Nc6 11.
N2f3 Nxd4 12. Bxd4 b5 13. Be2 a6 14. Ne5 Be6 15. Nc6 Qd7 16. Bf3 Rac8 17. Rc1 Nd5 18. Bxd5 Bxd5 19. Bxg7 Kxg7 20. Nxe7 Rxc1 21. Qd4+ f6 22.
Rxc1 Qxe7 23. Qxd5 Rd8 24. Qc6 Rd6 25. Qc8 Qd7 26. Qxd7+ Rxd7 27. g4 Rd2 28. Rc7+ Kh6 29. Rc6 Kg5 30. Rxa6 Kxg4 31. Rxf6 Rxa2 32. Kg2 Ra3 33.
Rf4+ Kg5 34. Rb4 Ra5 35. Rd4 Kf5 36. b4 Ra2 37. Rd5+ Kg4 38. Rxb5 Rb2 39. h3+ Kh4 40. Rb8 h5 41. b5 g5 42. b6 Rb5 43. b7 Rb6 44. e4 Rb5 45. e5 1-0

[Event "*** Titled Tuesday Blitz"]
[Site "Chess.com"]
[Date "2019.06.04"]
[Round "8"]
[White "gemarin"]
[Black "Chesska7"]
[Result "0-1"]
[WhiteElo "2057"]
[BlackElo "2145"]
[TimeControl "180+2"]
[EndTime "14:49:52 PDT"]
[Termination "Chesska7 won by checkmate"]

1. d4 Nf6 2. c4 c5 3. d5 b5 4. cxb5 a6 5. b6 e6 6. Nc3 d6 7. e4 e5 8. a4 Qxb6 9. a5 Qc7 10. Bc4 Be7 11. Bd2 O-O 12. Qc2 Nbd7 13. Nf3 g6 14. h3 Nh5 15. Bh6 Ng7 16. Bd3 Qd8 17. Nd2 Bg5 18. Bxg7 Bxd2+ 19. Qxd2 Kxg7 20. Na4 Rb8 21. O-O Rb4 22. Nc3 f5 23. f4 exf4 24. exf5 Ne5 25. fxg6 hxg6 26. Be4 Qh4 27. Qf2 Qg5 28. Kh2 Rh8 29. Bf3 Bf5 30. Rad1 Nxf3+ 31. Qxf3 Rxb2 32. Qxf4 Qxg2# 0-1

[Event "*** Titled Tuesday Blitz"]
[Site "Chess.com"]
[Date "2019.06.04"]
[Round "8"]
[White "Siemba"]
[Black "CookiesAndIceCream"]
[Result "0-1"]
[WhiteElo "2089"]
[BlackElo "2370"]
[TimeControl "180+2"]
[EndTime "14:49:52 PDT"]
[Termination "CookiesAndIceCream won by checkmate"]

1. e4 e6 2. Qe2 Nc6 3. Nf3 e5 4. Qd1 Nf6 5. Nc3 Bb4 6. Bc4 O-O 7.
d3 d5 8. exd5 Nxd5 9. Bd2 Nf4 10. Bxf4 exf4 11. O-O Bg4 12. h3 Bh5 13. Ne4 Ne5 14. Kh2 Re8 15. Nxe5 Bxd1 16. Nxf7 Qe7 17. Raxd1 Kf8 18. Neg5 h6 19. Nh8 Qxg5 20. g3 fxg3+ 21. fxg3+ Ke7 22. Nf7 Qh5 23. c3 Bd6 24. Rde1+ Kd7 25.
Nxd6 cxd6 26. Bb5+ Kc7 27. g4 Rxe1 28. gxh5 Rxf1 29. d4 Rf2+ 30. Kg3 Rxb2 31. Bc4 Rf8 32. Kg4 Rg2+ 33. Kh4 Rf4# 0-1

[Event "*** Titled Tuesday Blitz"]
[Site "Chess.com"]
[Date "2019.06.04"]
[Round "8"]
[White "Indianlad"]
[Black "Zubrrr"]
[Result "1-0"]
[WhiteElo "2876"]
[BlackElo "2727"]
[TimeControl "180+2"]
[EndTime "14:49:54 PDT"]
[Termination "Indianlad won by resignation"]

1. d4 d5 2. c4 dxc4 3. e4 Nf6 4. Nc3 e5 5. Nf3 exd4 6. Qxd4 Qxd4 7. Nxd4 c6 8. Bxc4 Bc5 9. Nf3 O-O 10. O-O Bg4 11. e5 Nfd7 12. Re1 b5 13. Bb3 Bxf3 14. gxf3 Re8 15. Bf4 Bd4 16. e6 fxe6 17. Bxe6+ Kh8 18. Rad1 Bxc3 19. bxc3 Nf6 20. Bf7 Rxe1+ 21.
Rxe1 Nbd7 22. Re7 a5 23. h4 Nb6 24. Be5 Nbd7 25. Bd4 c5 26. Be3 c4 27. h5 h6 28. f4 Rd8 29. Bd4 Nb8 30. Rb7 Nc6 31. Bxf6 gxf6 32. Rxb5 Rd2 33. Bxc4 Rc2 34. Rb6 Ne7 35.
Rxf6 Rxc3 36. Rf8+ Kg7 37. Rf7+ Kg8 38. Be6 Nc6 39.
f5 Kh8 40. f6 Nd4 41. Rf8+ Kh7 42. Bg8+ Kh8 43. Bf7+ 1-0

[Event "*** Titled Tuesday Blitz"]
[Site "Chess.com"]
[Date "2019.06.04"]
[Round "8"]
[White "Keithonsky"]
[Black "MasterKroket"]
[Result "1-0"]
[WhiteElo "2508"]
[BlackElo "2340"]
[TimeControl "180+2"]
[EndTime "14:49:58 PDT"]
[Termination "Keithonsky won by resignation"]

1. d4 Nf6 2. c4 e6 3. Nf3 b6 4. g3 Bb7 5. Bg2 Be7 6. O-O O-O 7. Nc3 Ne4 8. Qc2 Nxc3 9. Qxc3 f5 10. Rd1 Bf6 11. Qb3 Nc6 12. d5 Na5 13. Qc2 exd5 14. cxd5 Qe7 15. Bf4 Ba6 16. e3 d6 17. Nd4 Bc8 18.
b4 Nb7 19. Rac1 g5 20. Ne6 gxf4 21. Nxf8 Kxf8 22. gxf4 a5 23. a3 axb4 24. axb4 Qd7 25. Qxc7 Qxc7 26. Rxc7 Nd8 27. Rdc1 Ba6 28. Rxh7 Be2 29.
Bh3 Bb2 30. Rb1 Bg7 31. Bxf5 Ra2 32. Rc1 Bf3 33. Rh3 Bxd5 34. e4 Bf7 35. Rc8 Bf6 36.
Rh6 Be7 37. Rh8+ Kg7 38. Rhxd8 Bxd8 39. Rxd8 Bh5 40. Kg2 Ra3 41. h3 Bf3+ 42. Kh2 Ra1 43. Rd7+ Kf8 44. Rxd6 b5 45. e5 Ba8 46. Rd8+ Ke7 47. Rd7+ Kf8 48. Be6 Rh1+ 49. Kg3 Rg1+ 50. Kh4 Bf3 51. f5 Be4 52. f6 Bg6 53. Rd8+ Be8 54.
f7 Kg7 55. fxe8=Q Rg5 56. Kxg5 1-0

[Event "*** Titled Tuesday Blitz"]
[Site "Chess.com"]
[Date "2019.06.04"]
[Round "8"]
[White "SamCopeland"]
[Black "ellennilssen"]
[Result "0-1"]
[WhiteElo "2113"]
[BlackElo "2099"]
[TimeControl "180+2"]
[EndTime "14:49:59 PDT"]
[Termination "ellennilssen won on time"]

1. e4 e6 2. d4 d5 3. Nd2 c5 4.
exd5 exd5 5. Bb5+ Nc6 6. Qe2+ Qe7 7. dxc5 Qxe2+ 8. Nxe2 Bxc5 9. Nb3 Bb6 10. Be3 Bxe3 11. fxe3 Nf6 12. O-O-O Bd7 13. Nc5 O-O-O 14. Nxd7 Rxd7 15. Nd4 Kc7 16. Nf5 g6 17. Nd4 Ne4 18.
Rhf1 f5 19. Ne6+ Kd6 20. Nf4 Kc5 21. c4 a6 22. Bxc6 bxc6 23. cxd5 cxd5 24. Kc2 Rc8 25. Kd3 Kb6 26. Rc1 Nc5+ 27. Kd4 Rd6 28. Ke5 Rdc6 29.
Nxd5+ Kb7 30. Ne7 Nd7+ 31. Kd5 Rxc1 32. Rxc1 Rxc1 0-1

[Event "*** Titled Tuesday Blitz"]
[Site "Chess.com"]
[Date "2019.06.04"]
[Round "8"]
[White "mitrabhaa"]
[Black "Mikhail_Golubev"]
[Result "1-0"]
[WhiteElo "2687"]
[BlackElo "2486"]
[TimeControl "180+2"]
[EndTime "14:50:02 PDT"]
[Termination "mitrabhaa won on time"]

1. Nf3 d6 2. d4 Nf6 3. c4 g6 4. Nc3 Bg7 5. g3 O-O 6. Bg2 Nbd7 7. O-O e5 8. h3 Re8 9. e4 exd4 10. Nxd4 Nc5 11.
Re1 a6 12. b3 Bd7 13. Bf4 b5 14.
e5 dxe5 15. Bxe5 Rb8 16. Nc6 Bxc6 17. Bxc6 Re6 18. cxb5 axb5 19. Qxd8+ Rxd8 20. Bxb5 Rxe5 21. Rxe5 Nfe4 22. Nxe4 Bxe5 23. Re1 Bd4 24. Ng5 Bf6 25. Nf3 Ne6 26. Kg2 Nd4 27. Nxd4 Rxd4 28. Re2 Rd1 29. a4 Bd4 30. a5 Ra1 31. a6 Kf8 32. Rd2 Bb6 33. Ba4 Ke7 34. Re2+ Kf6 35. h4 h5 36. Bb5 Ra5 37. Bc4 Ra1 38. Re4 Kg7 39. Re7 Kh6 40. Rxf7 Ra2 41. Rf6 Kg7 42. Rf4 Bc5 43. Kf1 Ra1+ 44. Kg2 Ra2 45. Rf7+ Kh6 46. Rxc7 Bxf2 47.
Re7 Be3+ 48. Kf3 1-0

[Event "*** Titled Tuesday Blitz"]
[Site "Chess.com"]
[Date "2019.06.04"]
[Round "8"]
[White "ethylalcohol"]
[Black "PawnEatingZombie"]
[Result "0-1"]
[WhiteElo "2020"]
[BlackElo "2146"]
[TimeControl "180+2"]
[EndTime "14:50:04 PDT"]
[Termination "PawnEatingZombie won on time"]

1. d4 d5 2. Nf3 e6 3. Bf4 Bd6 4. Bg3 Nf6 5. Nbd2 c5 6. e3 Qc7 7. c3 Nbd7 8. Be2 b6 9. Rc1 O-O 10. O-O Bb7 11. Qc2 Rfe8 12. Rfe1 h6 13. dxc5 Nxc5 14.
c4 Rac8 15. Red1 Bxg3 16. hxg3 Qb8 17. Qb1 Red8 18. Nd4 dxc4 19. Nxc4 Nd5 20. Bf3 Ba6 21.
b4 Na4 22. b5 Nac3 23. Qb3 Nxd1 24. bxa6 N1c3 25. e4 b5 26. exd5 exd5 27. Qxc3 Rxc4 28. Qd2 Qb6 29. Nf5 d4 30. Ne7+ Kf8 31. Nd5 Qc5 32. Rxc4 bxc4 33. Qf4 c3 0-1

[Event "*** Titled Tuesday Blitz"]
[Site "Chess.com"]
[Date "2019.06.04"]
[Round "8"]
[White "Vuk2000"]
[Black "Zq1"]
[Result "0-1"]
[WhiteElo "2711"]
[BlackElo "2551"]
[TimeControl "180+2"]
[EndTime "14:50:10 PDT"]
[Termination "Zq1 won on time"]

1. d4 d5 2. Nf3 Nf6 3. c4 e6 4.
Nc3 Be7 5. Bg5 h6 6. Bxf6 Bxf6 7. e3 c6 8. Qc2 Nd7 9. Be2 O-O 10. O-O b6 11.
cxd5 exd5 12. e4 dxe4 13. Nxe4 Bb7 14. Rac1 c5 15. Rfd1 cxd4 16. Nxf6+ Qxf6 17. Qc7 Nc5 18. Rxc5 Bxf3 19. Bxf3 bxc5 20. Bxa8 Rxa8 21. Qxc5 Rd8 22. Qxa7 d3 23. Qa3 d2 24. Qc3 Qd6 25. g3 h5 26.
h4 Qd5 27. a4 Qe4 28. Qa5 Rd5 29. Qc3 Qe2 30. Qc8+ Kh7 31. Qc2+ g6 32. Qb3 Rf5 33. f4 Rd5 0-1

[Event "*** Titled Tuesday Blitz"]
[Site "Chess.com"]
[Date "2019.06.04"]
[Round "8"]
[White "mikhaillushenkov"]
[Black "Andrjywa"]
[Result "1-0"]
[WhiteElo "2720"]
[BlackElo "2518"]
[TimeControl "180+2"]
[EndTime "14:50:10 PDT"]
[Termination "mikhaillushenkov won by resignation"]

1. Nf3 Nf6 2. c4 e6 3. Nc3 Bb4 4. d4 d5 5. cxd5 exd5 6. Qa4+ Nc6 7. Bg5 Bd7 8. Rc1 O-O 9. e3 h6 10. Bxf6 Qxf6 11. Be2 Bxc3+ 12. Rxc3 Qg6 13. O-O Bh3 14. Ne1 Bd7 15. Qc2 Bf5 16. Qc1 Rfe8 17. Bb5 Bd7 18. Nf3 Bh3 19. Ne1 Bd7 20. Bxc6 Bxc6 21. Nf3 f6 22. Re1 Qe4 23. Qc2 Qxc2 24. Rxc2 Re7 25. Rec1 Kf8 26. Nd2 Ke8 27. Nb3 Ba4 28. Rxc7 Bxb3 29.
axb3 Rb8 30. Kf1 Rd7 31. Ke2 Kd8 32. Rxd7+ Kxd7 33. h4 h5 34. Rc5 Kd6 35. Kd3 b6 36. Rc1 Re8 37. b4 a6 38. Ra1 Ra8 39. f3 Ra7 40. b5 a5 41. Rc1 Rc7 42. Rxc7 Kxc7 43. e4 Kd6 44. b3 Ke6 45. Ke3 g6 46. g4 Kd6 47. Kf4 Ke6 48. g5 1-0

[Event "*** Titled Tuesday Blitz"]
[Site "Chess.com"]
[Date "2019.06.04"]
[Round "8"]
[White "GameOverBro"]
[Black "Rakesh"]
[Result "0-1"]
[WhiteElo "2439"]
[BlackElo "2246"]
[TimeControl "180+2"]
[EndTime "14:50:12 PDT"]
[Termination "Rakesh won by resignation"]

1. e4 c5 2. Ne2 e6 3. d4 cxd4 4. Nxd4 a6 5. c4 Nf6 6. Nc3 Bb4 7. Bd3 Nc6 8. Nxc6 dxc6 9. e5 Qa5 10. Bf4 Bxc3+ 11.
bxc3 Qxc3+ 12. Kf1 Nh5 13. Rc1 Qd4 14. Bg5 Qxe5 15.
Qxh5 h6 16. h4 g6 17. Bxg6 hxg5 18. Bxf7+ Ke7 19. Qg6 gxh4 20. Rh3 Qf4 21. Rd1 Qxf7 22. Qg5+ Qf6 23. Qc5+ Kf7 24. Rf3 Qxf3 25. gxf3 h3 26. Ke2 h2 27. Rh1 e5 28. Qxe5 Re8 29. f4 Rxe5+ 30. fxe5 Be6 31. Rxh2 Bxc4+ 32. Ke3 Bxa2 33.
Rh7+ Ke6 34. f4 b5 35. Rh6+ Kd5 36. Rd6+ Kc5 37. f5 Rf8 38. f6 Bd5 39. Rd7 b4 40.
Kd3 a5 41. Ra7 Kb6 42. Rd7 a4 43. Kc2 a3 44. f7 a2 45. Kb2 Rxf7 46. e6 Bxe6 0-1

[Event "*** Titled Tuesday Blitz"]
[Site "Chess.com"]
[Date "2019.06.04"]
[Round "8"]
[White "mouseWLZ"]
[Black "iturrizaga"]
[Result "1-0"]
[WhiteElo "2785"]
[BlackElo "2922"]
[TimeControl "180+2"]
[EndTime "14:50:15 PDT"]
[Termination "mouseWLZ won by resignation"]

1. d4 Nf6 2. Bf4 b6 3. e3 Bb7 4. Nf3 g6 5. Be2 Bg7 6. h3 O-O 7. O-O c5 8. c3 d6 9. Nbd2 Nbd7 10. a4 a6 11. Bh2 Ra7 12. Re1 Qa8 13. b4 Rc8 14.
Qb3 cxb4 15. cxb4 Bd5 16. Qb2 Rac7 17. Rac1 Bc6 18. b5 axb5 19. Bxb5 Bxb5 20. axb5 Rxc1 21. Rxc1 Rxc1+ 22. Qxc1 h6 23. g4 Qa4 24. Qc6 Qa2 25. Kg2 Qe6 26. e4 d5 27. e5 Ne8 28. Qc8 Kf8 29.
Bg3 g5 30. Nf1 Nc5 31. Qb8 Ne4 32. Ne3 Nc3 33. Nf5 Qd7 34. e6 fxe6 35. Nxg7 Kxg7 36. Ne5 Qxb5 37. Qc8 1-0

[Event "*** Titled Tuesday Blitz"]
[Site "Chess.com"]
[Date "2019.06.04"]
[Round "8"]
[White "quesfr"]
[Black "CzechmVIII"]
[Result "1-0"]
[WhiteElo "2167"]
[BlackElo "2080"]
[TimeControl "180+2"]
[EndTime "14:50:22 PDT"]
[Termination "quesfr won by resignation"]

1. e4 c5 2. c3 d5 3. exd5 Nf6 4. Bb5+ Nbd7 5. d4 a6 6. Be2 Nxd5 7. Nf3 e6 8. O-O Be7 9. c4 Nc7 10. Nc3 O-O 11.
Be3 cxd4 12. Bxd4 Nf6 13. Ne5 Qd6 14. Qd2 Rd8 15. Rad1 b5 16. c5 Qxe5 17. Bxe5 Rxd2 18. Rxd2 Ncd5 19. Nxd5 Nxd5 20. Bd6 Bf6 21. Bf3 Bb7 22. a3 Bc6 23. Rfd1 g6 24. Bxd5 Bxd5 25. b4 Rc8 26. f4 h5 27. Rxd5 exd5 28. Rxd5 Rc6 29.
Kf2 Kg7 30. Kf3 Bb2 31. Rd3 Bf6 32. Ke4 Rc8 33. Kd5 Bd8 34. Re3 Bc7 35. Bxc7 Rxc7 36.
c6 Kf6 37. Re8 Kf5 38. Kd6 Ra7 39. c7 Rxc7 40. Kxc7 Kxf4 41. Kb6 1-0

[Event "*** Titled Tuesday Blitz"]
[Site "Chess.com"]
[Date "2019.06.04"]
[Round "8"]
[White "Astaneh"]
[Black "VladDobrov"]
[Result "0-1"]
[WhiteElo "2605"]
[BlackElo "2827"]
[TimeControl "180+2"]
[EndTime "14:50:23 PDT"]
[Termination "VladDobrov won by resignation"]

1. e4 c5 2. Nf3 Nc6 3. Bb5 e6 4.
Bxc6 bxc6 5. O-O Ne7 6. Re1 Ng6 7. d3 e5 8. Nbd2 d6 9. Nc4 Be7 10. Ne3 O-O 11. c3 f5 12. exf5 Bxf5 13. Nxf5 Rxf5 14. d4 exd4 15. cxd4 Rd5 16. Be3 Qd7 17. Qb3 cxd4 18. Nxd4 Bf6 19. Rad1 Ne7 20. Rc1 Rc8 21. Ne2 Kh8 22.
Nc3 Re5 23. Red1 Nf5 24. Bf4 Ree8 25. Na4 Nd4 26. Rxd4 Bxd4 27. Rd1 c5 28. Qc2 Re6 29. Nc3 Rce8 30. h3 Qf7 31. Bg3 h6 32. Rf1 Rg6 33.
Kh2 Rf6 34. Ne4 Qg6 35. Re1 Rfe6 36. f3 d5 0-1

[Event "*** Titled Tuesday Blitz"]
[Site "Chess.com"]
[Date "2019.06.04"]
[Round "8"]
[White "2165149677570"]
[Black "marianokar"]
[Result "0-1"]
[WhiteElo "2208"]
[BlackElo "2420"]
[TimeControl "180+2"]
[EndTime "14:50:28 PDT"]
[Termination "marianokar won by resignation"]

1. e4 c5 2. Nf3 d6 3. d4 cxd4 4. Qxd4 a6 5. c4 Nc6 6. Qe3 g6 7. h3 Nf6 8. Be2 Bg7 9. O-O O-O 10. Nc3 Be6 11. Bd2 Nd7 12. Nd5 Bxb2 13. Rab1 Bg7 14. Rxb7 Nc5 15. Rbb1 f5 16. Ng5 Bxd5 17. exd5 f4 18.
Qa3 Nd4 19. Bg4 h5 20. Bd1 Rf5 21. Nf3 g5 22. Nxd4 Bxd4 23. Bxh5 Re5 24. Bb4 Qf8 25.
Bxc5 Bxc5 26. Qd3 Qf6 27. Rb7 a5 28. Rfb1 Rf8 29. Rb8 Qf5 30. Rxf8+ Kxf8 31. Rb8+ Kg7 32. Qxf5 Rxf5 33. Bg4 Re5 34. Kf1 Re4 35. Be2 Rd4 36. Rb1 Rd2 37. a4 Ra2 38. Bd1 Rxf2+ 39. Ke1 Rxg2 40.
Rb7 Kf6 41. Bg4 Ra2 42. Bd7 f3 43. Rb8 f2+ 0-1

[Event "*** Titled Tuesday Blitz"]
[Site "Chess.com"]
[Date "2019.06.04"]
[Round "8"]
[White "Manukyan_Artak"]
[Black "Poghosyan_Suren"]
[Result "0-1"]
[WhiteElo "2407"]
[BlackElo "2557"]
[TimeControl "180+2"]
[EndTime "14:50:31 PDT"]
[Termination "Poghosyan_Suren won by resignation"]

1. e4 e6 2. d4 d5 3. e5 c5 4. c3 Nc6 5. Nf3 Nh6 6. a3 cxd4 7. cxd4 Nf5 8. Nc3 Bd7 9. b4 Rc8 10.
Bb2 Nh4 11. Nb5 a6 12. Nd6+ Bxd6 13. exd6 Nf5 14. Bd3 Nxd6 15. O-O Nc4 16. Bc1 Ne7 17. Bg5 f6 18. Bf4 Ng6 19. Bg3 Nb2 20. Bxg6+ hxg6 21. Qb1 Nc4 22. Qxg6+ Kf8 23. h4 Qe8 24. Qd3 Qh5 25. Rfc1 Kf7 26. a4 g6 27. Qb3 g5 28. b5 gxh4 29. Nxh4 a5 30. Qf3 Rcg8 31. Qxh5+ Rxh5 32. Nf3 Rc8 33. Kf1 e5 34. dxe5 fxe5 35. Rxc4 dxc4 36. Nxe5+ Ke6 37. Nxd7 Rh1+ 38. Ke2 Rxa1 39. Nb6 Rc5 40. Ke3 c3 41. Kd4 c2 42. Kxc5 c1=Q+ 43. Nc4 Rxa4 0-1

[Event "*** Titled Tuesday Blitz"]
[Site "Chess.com"]
[Date "2019.06.04"]
[Round "8"]
[White "TristanCalistri"]
[Black "sergeikim"]
[Result "0-1"]
[WhiteElo "2252"]
[BlackElo "2418"]
[TimeControl "180+2"]
[EndTime "14:50:35 PDT"]
[Termination "sergeikim won on time"]

1. e4 e5 2. Nf3 Nc6 3. Bc4 Bc5 4. c3 Nf6 5. d3 d6 6. Bb3 a6 7. h3 Ba7 8. Nbd2 O-O 9. Nf1 Nh5 10. Bg5 Qe8 11. Nh4 g6 12. Qf3 Be6 13. g4 Nf4 14. Bxf4 exf4 15. Qxf4 Ne5 16. O-O-O Bxb3 17. axb3 a5 18.
Kb1 a4 19. b4 a3 20. b3 c5 21. bxc5 dxc5 22. Ka2 b5 23. Ne3 c4 24. dxc4 Bxe3 25. Qxe3 bxc4 26. b4 Qa4 27. Qc1 Qb3+ 28. Ka1 Nd3 29.
Qd2 Nxf2 30. Rb1 Nxe4 31. Qe3 Qxc3+ 32. Qxc3 Nxc3 33. Rbc1 Nd5 34. Rxc4 Rfe8 35. Rhc1 Re2 36. Nf3 Re3 37. Ng5 h6 0-1

[Event "*** Titled Tuesday Blitz"]
[Site "Chess.com"]
[Date "2019.06.04"]
[Round "8"]
[White "jk13"]
[Black "MathiasWomacka"]
[Result "1-0"]
[WhiteElo "2545"]
[BlackElo "2296"]
[TimeControl "180+2"]
[EndTime "14:50:37 PDT"]
[Termination "jk13 won by resignation"]

1. e4 c5 2. c3 d5 3. exd5 Qxd5 4. d4 Nf6 5. Nf3 e6 6. Na3 Nc6 7. Be3 cxd4 8. Nb5 Qd7 9. Nbxd4 Nd5 10. Bc1 Be7 11.
Bd3 O-O 12. O-O Nxd4 13. Nxd4 a6 14. a4 b6 15. Qf3 Bb7 16. Qh3 g6 17. Bh6 Rfd8 18.
Rfe1 Bf6 19. Be4 Rac8 20. Rad1 Qxa4 21. Nxe6 Re8 22. Bxd5 Bxd5 23. Nf4 Bb3 24. Ra1 Qc6 25. Qg3 a5 26. h4 a4 27. h5 Qd6 28. hxg6 hxg6 29. Qg4 Be5 30. Re3 Bf6 31. Rae1 Qc6 32. Nxg6 fxg6 33. Qxg6+ Kh8 34. Rxe8+ Rxe8 35. Rxe8+ Qxe8 36.
Qxe8+ Kh7 37. Be3 a3 38. bxa3 Bxc3 39. Qe7+ Kg6 40. Qd6+ Kf5 41. Qd3+ Ke6 42. Qxc3 Bd5 43. Qb4 1-0

[Event "*** Titled Tuesday Blitz"]
[Site "Chess.com"]
[Date "2019.06.04"]
[Round "8"]
[White "Rumpel-VK"]
[Black "Korchmar_Vasiliy"]
[Result "0-1"]
[WhiteElo "2571"]
[BlackElo "2796"]
[TimeControl "180+2"]
[EndTime "14:50:39 PDT"]
[Termination "Korchmar_Vasiliy won on time"]

1. d4 d5 2. Nf3 Nf6 3. c4 e6 4. Qc2 dxc4 5. e4 b5 6. a4 c6 7. axb5 cxb5 8. b3 Bb7 9. e5 Bb4+ 10. Bd2 Nd5 11. bxc4 bxc4 12. Bxc4 O-O 13. O-O Nc6 14. Nc3 Bxc3 15. Bxc3 Nxc3 16. Qxc3 Rc8 17. Qb2 Ba8 18. Rfd1 Ne7 19. Be2 Rc7 20. Ra4 Nd5 21. Ra3 Nf4 22. Qd2 Nxe2+ 23. Qxe2 Qe7 24. Rda1 Rfc8 25. h3 h6 26. Kh2 Qd8 27. Rxa7 Bxf3 28. Qxf3 Qxd4 29. R7a5 Rc2 30. R1a2 Rxa2 31. Rxa2 Qxe5+ 32. Qg3 Qd5 33. Rb2 Rc1 34. Qb8+ Kh7 35. Qf4 Qd1 36. Qxf7 Qg1+ 37. Kg3 Rc3+ 38. f3 Qe1+ 39. Kh2 Qe5+ 40. f4 Qe1 41.
Qh5 Qg3+ 0-1

[Event "*** Titled Tuesday Blitz"]
[Site "Chess.com"]
[Date "2019.06.04"]
[Round "8"]
[White "lexiel"]
[Black "aquaticpineapples"]
[Result "1-0"]
[WhiteElo "2240"]
[BlackElo "2164"]
[TimeControl "180+2"]
[EndTime "14:50:41 PDT"]
[Termination "lexiel won by checkmate"]

1. c4 e6 2. Nf3 d5 3. g3 Nf6 4.
Bg2 Bd6 5. O-O O-O 6. d4 c6 7. c5 Bc7 8. b4 a5 9. Qb3 axb4 10.
Qxb4 b6 11. cxb6 Bxb6 12. Bg5 Nbd7 13. Rc1 Ba5 14. Qb2 Rb8 15. Qc2 Bb7 16. Nc3 h6 17.
Bf4 Rc8 18. Na4 Ne4 19. Ne5 Nxe5 20. dxe5 f5 21. exf6 Nxf6 22. Nc5 Qe7 23. Qg6 Bb4 24. Nxb7 Qxb7 25. Bxh6 Qf7 26. Qxf7+ Rxf7 27. Be3 Ra8 28. Bh3 Re7 29. Rxc6 Kf7 30. a4 Ne4 31. f3 Nc3 32.
Bf1 Rxa4 33. Rxa4 Nxa4 34. Bd4 Rb7 35. f4 Ba3 36. Bh3 Bb2 37. Bxe6+ Ke7 38. Bxb2 Rxb2 39.
Bxd5 Rxe2 40. Bf3 Rd2 41. h4 Nb2 42. g4 Nd3 43. f5 Ne5 44. Re6+ Kf7 45. Rxe5 Rd4 46.
Kf2 g6 47. Kg3 gxf5 48. Rxf5+ Kg6 49. h5+ Kh6 50. Kh4 Ra4 51. Rf6+ Kg7 52. Rg6+ Kh7 53. Bd5 Ra5 54. Be6 Rc5 55. Bf5 Ra5 56. Ra6+ Kg7 57. Rxa5 Kf6 58. h6 Kf7 59. Ra8 Kf6 60. h7 Kf7 61.
h8=Q Ke7 62. Qf8# 1-0

[Event "*** Titled Tuesday Blitz"]
[Site "Chess.com"]
[Date "2019.06.04"]
[Round "8"]
[White "LiamVrolijk"]
[Black "Chebure"]
[Result "1-0"]
[WhiteElo "2764"]
[BlackElo "2802"]
[TimeControl "180+2"]
[EndTime "14:50:42 PDT"]
[Termination "LiamVrolijk won by checkmate"]

1. d4 Nf6 2. c4 d6 3. Nc3 Bf5 4. e3 g6 5. Nge2 Bg7 6. Ng3 Bd7 7. Be2 O-O 8. e4 e5 9. d5 a5 10. h4 Na6 11. h5 Nc5 12. Be3 a4 13. Qd2 c6 14.
Bg5 Qb8 15. Rd1 cxd5 16. Bxf6 Bxf6 17. Nxd5 Qd8 18. hxg6 fxg6 19. Nxf6+ Qxf6 20. Bf3 Ra6 21. Ne2 Be6 22. Rc1 Rf7 23. Rc3 b5 24. cxb5 Rb6 25.
O-O Bxa2 26. b4 axb3 27. Rcc1 Rxb5 28. Nc3 Rb8 29. Nxa2 bxa2 30. Qxa2 Kg7 31. Rfd1 Rbb7 32. Qd5 Rbd7 33. Rc2 h5 34. Qc6 Qe7 35. Be2 Rc7 36. Qd5 Rf6 37. Bf1 Ne6 38. Rxc7 Nxc7 39. Qb7 Qf7 40. Qb6 Qe7 41. Rc1 Ne6 42. Rc8 Kh6 43.
Rh8+ Kg7 44. Rb8 Kh6 45. Rb7 Qd8 46. Qa7 Nf8 47. Qe3+ g5 48. Qb3 Kg6 49. Qg8+ Kh6 50. Qg7# 1-0

[Event "*** Titled Tuesday Blitz"]
[Site "Chess.com"]
[Date "2019.06.04"]
[Round "8"]
[White "NemtsevIgor"]
[Black "Mostii"]
[Result "1/2-1/2"]
[WhiteElo "2269"]
[BlackElo "2447"]
[TimeControl "180+2"]
[EndTime "14:50:42 PDT"]
[Termination "Game drawn by stalemate"]

1. c3 b6 2. d3 Bb7 3. Nd2 g6 4. Ngf3 Bg7 5. g4 d5 6. g5 c5 7.
h4 h5 8. a4 e5 9. a5 e4 10. axb6 axb6 11. Rxa8 Bxa8 12. Ng1 d4 13. cxd4 exd3 14. Ngf3 dxe2 15. Bxe2 Ne7 16. dxc5 bxc5 17. Qc2 O-O 18. O-O Nd7 19. Ne4 Nf5 20. Bc4 Nd4 21.
Nxd4 cxd4 22. Bf4 Ne5 23. Bxe5 Bxe5 24. f4 Bc7 25. Nf6+ Kg7 26. b3 Qd6 27. Qe2 Bc6 28. Qe5 Qxe5 29. fxe5 Bxe5 30. Nd5 f6 31. Ne7 Be4 32.
Re1 f5 33. Nd5 Bg3 34. Ra1 Bxh4 35. Ra7+ Rf7 36. Rxf7+ Kxf7 37. Nf4+ Kg7 38. Nh3 d3 39. Nf2 d2 40. Be2 Bxf2+ 41. Kxf2 Bc2 42. b4 d1=Q 43.
Bxd1 Bxd1 44. b5 Ba4 45. b6 Bc6 46. Ke3 Bb7 47. Kf4 h4 48. Ke3 Kf7 49. Kf4 Ke6 50.
Ke3 Kd5 51. Kf4 Kd4 1/2-1/2

[Event "*** Titled Tuesday Blitz"]
[Site "Chess.com"]
[Date "2019.06.04"]
[Round "8"]
[White "Witik"]
[Black "FelixBlohberger"]
[Result "1-0"]
[WhiteElo "2634"]
[BlackElo "2618"]
[TimeControl "180+2"]
[EndTime "14:50:49 PDT"]
[Termination "Witik won on time"]

1. d4 Nf6 2. c4 e6 3. Nf3 d5 4. Nc3 Bb4 5. cxd5 exd5 6. Bg5 h6 7. Bh4 Nbd7 8. e3 g5 9. Bg3 Ne4 10. Nd2 Nxg3 11. hxg3 Nb6 12. Bd3 Be6 13. Qc2 c6 14.
O-O-O Qe7 15. Kb1 O-O-O 16. Nb3 Kb8 17. a3 Bd6 18. Na2 h5 19. Nc5 Bxc5 20. dxc5 Nd7 21.
Rc1 h4 22. gxh4 gxh4 23. Ka1 Rdg8 24. f4 Nf6 25. Nb4 Bc8 26. Qb3 Ka8 27. Bf1 Rg3 28.
Nc2 Ng4 29. Re1 Re8 30. Rh3 Rxh3 31. gxh3 Nf2 32. Qc3 Bxh3 33. Bxh3 Nxh3 34. e4 Qd7 35. f5 Nf4 36. e5 Qxf5 37. Nd4 Qg5 38. Qf3 Rxe5 39.
Rf1 Ne6 40. Qxf7 1-0

[Event "*** Titled Tuesday Blitz"]
[Site "Chess.com"]
[Date "2019.06.04"]
[Round "8"]
[White "SaraciNderim"]
[Black "Ambitiousresolutions"]
[Result "1-0"]
[WhiteElo "2866"]
[BlackElo "2611"]
[TimeControl "180+2"]
[EndTime "14:50:58 PDT"]
[Termination "SaraciNderim won by checkmate"]

1. b3 e5 2. Bb2 d6 3. e3 Nf6 4. c4 Be7 5. Nc3 O-O 6. Nf3 Re8 7. d4 exd4 8. Nxd4 Nc6 9. Be2 Nxd4 10. Qxd4 Be6 11. O-O c6 12. Rfd1 Qc7 13. Rac1 Bf8 14. Bf3 Qb6 15. Qf4 Qa5 16. h3 Qe5 17. Qd4 Qxd4 18.
Rxd4 g6 19. Rcd1 Rec8 20. R4d2 Be7 21. Ba3 Ne8 22. Ne4 Rd8 23. Nxd6 Nxd6 24. Bxd6 Bxd6 25. Rxd6 Rxd6 26. Rxd6 a5 27. Bg4 Bxg4 28. hxg4 Ra6 29.
c5 Kf8 30. Rd8+ Ke7 31. Rb8 Ra7 32. e4 g5 33. g3 a4 34. b4 a3 35. Kf1 Ke6 36.
f4 f6 37. Ke2 Kd7 38. Kd3 Ke7 39. Rh8 Ke6 40. Rxh7 Ra8 41. f5+ Ke5 42. Re7# 1-0